 Dungeon Crawl Stone Soup version 0.27.1-3-gb3d3a73c9e (webtiles) character file.

Game seed: 11567699908848523624

2744 Kinoniko the Basher (level 9, 0/94 (97) HPs)
             Began as an Ogre Berserker on Oct 6, 2021.
             Was an Elder of Trog.
             Slain by Maurice (7 damage)
             ... on level 8 of the Dungeon.
             The game lasted 00:07:43 (9987 turns).

Kinoniko the Basher (Ogre Berserker)                Turns: 9987, Time: 00:07:44

HP:   0/94 (97)     AC:  6    Str: 26    XL:     9   Next: 68%
MP:   9/9           EV: 10    Int: 14    God:    Trog [****..]
Gold: 0             SH:  0    Dex:  8    Spells: 8/8 levels left

rFire    . . .     SeeInvis .   t - +2 dire flail
rCold    . . .     Faith    .   (shield currently unavailable)
rNeg     . . .     Spirit   .   b - +0 animal skin
rPois    .         Reflect  .   (helmet restricted)
rElec    .         Harm     .   m - +2 cloak
rCorr    .         Rampage  .   (gloves unavailable)
Will     .....                  (boots unavailable)
Stlth    +.........             (no amulet)
HPRegen  0.25/turn              j - +6 ring of intelligence
MPRegen  0.11/turn              (no ring)

@: on berserk cooldown, very slightly contaminated, slowed, studying Fighting,
lightly drained, very slow
A: large, unfitting armour, tough skin 1
a: Renounce Religion, Berserk, Trog's Hand, Brothers in Arms


You were on level 8 of the Dungeon.
You worshipped Trog.
Trog was greatly pleased with you.
You visited 1 branch of the dungeon, and saw 8 of its levels.

Inventory:

Hand Weapons
 a - a +0 mace
 h - a +0 flail
 t - a +2 dire flail (weapon)
Armour
 b - a +0 animal skin (worn)
 m - a +2 cloak (worn)
Jewellery
 j - a +6 ring of intelligence (left hand)
Wands
 q - a wand of acid (9)
 r - a wand of paralysis (6)
 u - a wand of iceblast (6)
Scrolls
 f - a scroll of teleportation
 i - a scroll of fog
 v - a scroll of identify
Potions
 c - 2 potions of heal wounds
 d - 5 potions of curing
 g - 2 potions of invisibility
 k - a potion of magic
 l - 2 potions of flight {unknown}
 n - a potion of haste {unknown}
 o - a potion of berserk rage {unknown}
 p - a potion of attraction {unknown}
 s - a potion of might {unknown}


   Skills:
 + Level 8.5 Fighting
 * Level 11.4 Maces & Flails
 - Level 2.6 Dodging


You had 8 spell levels left.
You didn't know any spells.
Your spell library was empty.

Dungeon Overview and Level Annotations

Branches:
Dungeon (8/15)             Temple (0/1) D:5
   Lair: D:8-11

Altars:
Fedhas
Okawaru
Ru
Sif Muna
Trog
Uskayaw
Vehumet
Xom
The Shining One

Annotations:
D:5 exclusion: statue
D:8 Maurice


Innate Abilities, Weirdness & Mutations

You are too large for most types of armour.
You have tough skin. (AC +1)


Message History

The mass of ice explodes!
The iceblast engulfs you.
* * * LOW HITPOINT WARNING * * *
The iceblast engulfs your polar bear.
Your polar bear partially resists.
You swap places.
You flicker for a moment.
Items here: ))) [[ †.
Your polar bear rages.
You hear a zap.
An iceblast appears from out of thin air!
The mass of ice explodes!
The iceblast engulfs your polar bear.
Your polar bear rages.
You swap places.
Something drops a +0 short sword.
Something picks up a +0 hand axe of freezing.
It glows with a cold blue light!
You flicker back into view.
Maurice appears from thin air!
Reactivating autopickup.
Your polar bear rages.
Maurice hits you with a +0 hand axe of freezing.
* * * LOW HITPOINT WARNING * * *
Maurice groans, "What are you, a monk?"
Maurice mumbles some strange words.
Maurice resists with some effort.
Maurice freezes you.
* * * LOW HITPOINT WARNING * * *
Items here: ))) [[ †.
You miss Maurice.
Maurice is severely wounded.
Maurice hits you with a +0 hand axe of freezing.
* * * LOW HITPOINT WARNING * * *
Maurice groans, "What are you, a monk?"
Maurice gestures wildly while chanting.
Maurice looks slightly unstable.
Maurice freezes you.
* * * LOW HITPOINT WARNING * * *
Maurice barely misses you.
Unknown command.
You puncture Maurice!
Maurice is severely wounded.
Maurice hits you with a +0 hand axe of freezing!
You die...

#..# #..# #..#
#... #..## ....#
#.#{# #@#.#
#@#.# #h#.#
#.#.##
#....#######
#..#.......#
##...#####.#
##.## #.#
#.######.#######
#...............


You could see Maurice (swift, ally target) and a friendly polar bear (summoned,
berserk).

Vanquished Creatures
  2 hornet zombies
  2 orc warriors
  An ice beast (D:7)
  2 sky beasts
  3 necrophages
  2 ogres
  2 phantoms (D:5)
  A gnoll sergeant (D:7)
  A kobold brigand (D:7)
  A bullfrog (D:4)
  A scorpion (D:6)
  4 killer bees (D:7)
  4 wights (D:8)
  A howler monkey (D:4)
  5 jellies
  A bullfrog zombie (D:5)
  2 hounds (D:6)
  2 orc priests
  Ijyb (D:5)
  A centaur skeleton (D:5)
  5 orc wizards
  4 iguanas
  A hound skeleton (D:4)
  6 gnolls
  7 adders
  2 ufetubi
  4 worms
  2 dart slugs
  13 orcs
  7 endoplasms
  3 giant cockroaches
  8 goblins
  7 hobgoblins
  7 jackals
  3 quokkas
  10 ball pythons
  7 bats
  5 frilled lizards
  11 kobolds
  6 rats
157 creatures vanquished.

Vanquished Creatures (collateral kills)
  A gnoll sergeant (D:7)
  An orc wizard (D:8)
  3 gnolls (D:7)
  An orc (D:8)
6 creatures vanquished.

Vanquished Creatures (others)
  An orc (D:8)
  A plant (D:1)
2 creatures vanquished.

Grand Total: 165 creatures vanquished

Notes
Turn   | Place    | Note
-------+----------+-------------------------------------------
     0 | D:1      | Kinoniko the Ogre Berserker began the quest for the Orb.
     0 | D:1      | Reached XP level 1. HP: 24/24 MP: 1/1
   181 | D:1      | Reached skill level 3 in Maces & Flails
   221 | D:1      | Reached XP level 2. HP: 26/32 MP: 2/2
   548 | D:1      | Reached XP level 3. HP: 37/39 MP: 3/3
   639 | D:1      | Reached ** piety under Trog
   917 | D:1      | Reached skill level 4 in Maces & Flails
  1685 | D:2      | Reached XP level 4. HP: 48/48 MP: 4/4
  1825 | D:2      | Found a faded altar of an unknown god.
  2656 | D:3      | Noticed a necrophage
  2669 | D:3      | Killed a necrophage
  2670 | D:3      | Reached skill level 5 in Maces & Flails
  2670 | D:3      | Reached XP level 5. HP: 54/54 MP: 5/5
  3034 | D:3      | Found a blossoming altar of Fedhas.
  3489 | D:4      | Reached *** piety under Trog
  3496 | D:4      | Reached skill level 6 in Maces & Flails
  3496 | D:4      | Reached XP level 6. HP: 52/62 MP: 6/6
  3561 | D:4      | Found a glowing golden altar of the Shining One.
  3627 | D:4      | Found a hide-covered altar of Uskayaw.
  3627 | D:4      | Found an iron altar of Okawaru.
  3899 | D:4      | Noticed a necrophage
  3906 | D:4      | Killed a necrophage
  3907 | D:4      | Reached skill level 7 in Maces & Flails
  3907 | D:4      | Reached XP level 7. HP: 70/70 MP: 7/7
  4170 | D:4      | Found a sacrificial altar of Ru.
  4171 | D:4      | Found a bloodstained altar of Trog.
  4289 | D:4      | Found a shimmering altar of Xom.
  4574 | D:5      | Entered Level 5 of the Dungeon
  4747 | D:5      | Reached skill level 8 in Maces & Flails
  4813 | D:5      | Noticed Ijyb
  4825 | D:5      | Killed Ijyb
  4849 | D:5      | Reached XP level 8. HP: 19/78 MP: 8/8
  5213 | D:5      | Found a radiant altar of Vehumet.
  5374 | D:5      | Reached skill level 9 in Maces & Flails
  5376 | D:5      | Reached **** piety under Trog
  5499 | D:5      | Found a staircase to the Ecumenical Temple.
  6425 | D:6      | Reached skill level 10 in Maces & Flails
  6987 | D:6      | Found a shimmering blue altar of Sif Muna.
  7345 | D:6      | Identified a scroll of acquirement
  7346 | D:6      | Acquired a manual of Fighting
  7568 | D:6      | Reached XP level 9. HP: 62/85 MP: 9/9
  8204 | D:7      | Reached skill level 5 in Fighting
  9059 | D:7      | Reached skill level 11 in Maces & Flails
  9955 | D:8      | Noticed Maurice
  9987 | D:8      | Slain by Maurice

Illustrated notes

Levels and vault maps discovered:
D:1:      amcnicky_arrival_underground_garden, layout_rooms, serial_forest,
          infiniplex_forest_side_room, infiniplex_forest_clump_double,
          infiniplex_forest_lined_2, infiniplex_forest_lined_room_,
          infiniplex_forest_lined_corner, infiniplex_forest_side_room,
          infiniplex_forest_clump_small, infiniplex_forest_clump_double
D:2:      layout_basic, chequers_ecumenical_altar_grove, dk_noncrumbling_4
D:3:      layout_loops_ring, fedhas_altar_fruit_tree, dk_noncrumbling_2,
          minivault_26, kennysheep_pointless_box, minmay_misc_feat_hallway
D:4:      layout_loops_ring, tgw_xom, grunt_temple_overflow_open,
          mainiacjoe_overflow_brackets, jmf_multi_god_temple
D:5:      layout_basic, vehumet_statue, minmay_temple_entry_junction,
          minmay_strange_pillars, uniq_ijyb
D:6:      layout_layer_cave, nicolae_sif_muna_condensation,
          minmay_misc_feat_pillars
D:7:      layout_cave_pods
D:8:      layout_loops_ring, uniq_prince_ribbit1, uniq_psyche, uniq_maurice

Skill      XL: |  1  2  3  4  5  6  7  8  9 |
---------------+----------------------------+-----
Maces & Flails | 3 4 5 6 7 8 10 11 | 11.4
Fighting       | 8 |  8.5
Dodging        | |  2.6

Action                   |  1- 3 |  4- 6 |  7- 9 || total
-------------------------+-------+-------+-------++-------
Melee: Mace              |   119 |   120 |   285 ||   524
       Unarmed           |       |       |    16 ||    16
       Dire flail        |       |       |    10 ||    10
Invok: Berserk           |     1 |     3 |    12 ||    16
       Brothers in Arms  |       |       |     2 ||     2
       Trog's Hand       |       |       |     1 ||     1
  Use: Potion            |     1 |       |     5 ||     6
       Scroll            |       |     4 |    11 ||    15
 Stab: Sleeping          |     2 |       |       ||     2
Armor: Animal skin       |    45 |    37 |    98 ||   180
Dodge: Dodged            |    71 |    61 |   152 ||   284
